 Dungeon Crawl Stone Soup version 0.29-a0-919-gd064cfad1c (webtiles) character file.

Game seed: 5053930752350001474

2184 ragingrage the Fighter (level 9, -3/59 HPs)
             Began as a Gargoyle Artificer on July 26, 2022.
             Was a Believer of Okawaru.
             Killed by divine providence
             ... invoked by an orc priest
              (16 damage)
             ... on level 7 of the Dungeon.
             The game lasted 00:13:25 (10168 turns).

ragingrage the Fighter (Gargoyle Artificer)        Turns: 10168, Time: 00:13:26

Health: -3/59      AC: 18    Str: 20    XL:     9   Next: 33%
Magic:  7/9        EV: 11    Int: 12    God:    Okawaru [**....]
Gold:   283        SH:  0    Dex: 10    Spells: 8/8 levels left

rFire   . . .      SeeInvis .   a - +0 war axe
rCold   . . .      Faith    +   (no shield)
rNeg    + . .      Spirit   .   C - +0 scale mail
rPois   ∞          Reflect  .   p - +0 helmet
rElec   +          Harm     .   (no cloak)
rCorr   .          Rampage  .   J - +0 pair of gloves
Will    .....                   H - +0 pair of boots
Stlth   ++........              i - amulet of faith
HPRegen 0.19/turn               D - ring of flight
MPRegen 0.11/turn               (no ring)

@: heroic, flying
A: sickness immunity, AC +6, negative energy resistance 1, electricity
resistance, torment resistance 1, petrification resistance
a: Renounce Religion, Heroism


You were on level 7 of the Dungeon.
You worshipped Okawaru.
Okawaru was pleased with you.
You visited 2 branches of the dungeon, and saw 8 of its levels.
You also visited: Sewer.

You collected 427 gold pieces.
You spent 144 gold pieces at shops.

Inventory:

Hand Weapons
 a - a +0 war axe (weapon)
 b - a +2 dagger of venom
 G - a +2 dagger of draining
Missiles
 g - a throwing net
 o - 3 javelins
 u - 15 poisoned darts (quivered)
 w - 2 curare-tipped darts
Armour
 p - a +0 helmet (worn)
 C - a +0 scale mail (worn)
 H - a +0 pair of boots (worn)
 J - a +0 pair of gloves (worn)
Jewellery
 i - an amulet of faith (around neck)
 D - a ring of flight (left hand)
Wands
 c - a wand of flame (7)
 d - a wand of paralysis (11)
 e - a wand of iceblast (9)
Scrolls
 f - a scroll of vulnerability {unknown}
 j - 2 scrolls of silence
 k - 3 scrolls of teleportation
 l - 3 scrolls of enchant weapon {unknown}
 m - a scroll of acquirement {unknown}
 n - a scroll of butterflies {unknown}
 r - 4 scrolls of identify
 x - 2 scrolls of magic mapping
 y - 4 scrolls of enchant armour
 z - a scroll of summoning {unknown}
 I - a scroll of amnesia {unknown}
Potions
 h - 3 potions of curing
 q - a potion of brilliance {unknown}
 s - a potion of ambrosia {unknown}
 t - 3 potions of heal wounds
 v - a potion of haste {unknown}
 A - 2 potions of magic
 B - 2 potions of lignification {unknown}
 E - 2 potions of flight
 F - 2 potions of mutation


   Skills:
 - Level 8.0(13.0) Fighting
 * Level 7.7(12.7) Axes
 - Level 2.1(7.1) Armour
 - Level 0.7(5.7) Dodging
 - Level 1.1(6.1) Stealth
 - Level 5.0 Evocations


You had 8 spell levels left.
You didn't know any spells.
Your spell library contained the following spells:

 Spells                   Type           Power      Damage    Failure   Level
 Scorch                   Fire           0%         2d5       77%         2
 Flame Wave               Conj/Fire      0%         2d4       100%        4
 Summon Cactus Giant      Summ           Unusable   N/A       N/A         6

Dungeon Overview and Level Annotations

Branches:
Dungeon (7/15)             Temple (1/1) D:5           Sewer (visited)

Altars:
Ashenzari
Dithmenos
Fedhas
Gozag
Hepliaklqana
Kikubaaqudgha
Makhleb
Nemelex Xobeh
Okawaru
Qazlal
Ru
Sif Muna
Trog
Vehumet
Wu Jian
Xom
Yredelemnul
The Shining One

Shops:
D:3 :   D:4 *


Innate Abilities, Weirdness & Mutations

You are immune to sickness and miasma.
Your stone body is resilient. (AC +6)
You are immune to poison.
You resist negative energy. (rN+)
You are resistant to electric shocks. (rElec)
You are resistant to unholy torment.
You are immune to petrification.


Message History

The orc priest is moderately wounded.
The orc hits you but does no damage.
The orc priest hits you but does no damage.
You barely miss the orc. You punch the orc.
The orc is moderately wounded.
The orc barely misses you.
The orc priest hits you but does no damage.
Okay, then.
You gain the combat prowess of a mighty hero.
The orc misses you. The orc hits you but does no damage.
The orc priest closely misses you.
You hit the orc.
You kill the orc!
Okawaru accepts your kill. The orc barely misses you.
The orc priest hits you but does no damage.
You hit the orc.
The orc is poisoned.
The orc is heavily wounded.
The orc drinks a potion.
The orc is healed!
The orc looks more healthy.
The orc priest mumbles some strange prayers to Beogh against you.
Beogh smites you!
Your +2 dagger of venom stops dripping with poison.
a - a +0 war axe (weapon)
The water moccasin bites you but does no damage.
You hit the water moccasin.
The water moccasin is lightly wounded.
You closely miss the orc priest. You hit the orc but do no damage.
The water moccasin bites you but does no damage.
The orc priest invokes the aid of Beogh against you.
Beogh smites you!
* * * LOW HITPOINT WARNING * * *
The orc hits you but does no damage.
You slash the water moccasin!
The water moccasin is heavily wounded.
You hit the orc but do no damage. You hit the orc priest.
The water moccasin bites you.
* * * LOW HITPOINT WARNING * * *
The orc priest calls down the wrath of Beogh upon you.
Beogh smites you!
You die...

........).# #.....
...###..###########.###
###(.###.#...#...###
+.........#.......#.
#.........+.......#
#.).......#.......#
#)......(.#.......#
##...##..##..##..##
#.@.##.(######..#
+(..oSo...(.. ....
#......>..(... ......
##.....##..##..
#.....##### .. #......
#....... ##'#####


You could see a water moccasin, an orc priest (very poisoned) and an orc.

Vanquished Creatures
  A sky beast (D:5)
  2 ice beasts (D:7)
  A black bear (D:6)
  2 ogres
  A centaur (D:6)
  2 phantoms
  5 kobold brigands
  2 necrophages (D:5)
  A gnoll sergeant (D:6)
  2 scorpions
  A crimson imp (D:5)
  2 orc priests
  A gnoll bouda (D:5)
  5 hounds
  An iguana (D:5)
  3 orc wizards
  11 adders
  12 gnolls
  4 river rats (Sewer)
  A white imp (D:6)
  2 ufetubi
  A worm (D:2)
  3 dart slugs
  20 orcs
  7 endoplasms
  5 giant cockroaches
  11 goblins
  10 hobgoblins
  3 jackals (Sewer)
  15 kobolds
  7 quokkas
  8 ball pythons
  3 bats
  17 frilled lizards
  14 rats
186 creatures vanquished.

Vanquished Creatures (others)
  A goblin (D:2)
  68 fungi (D:6)
  24 plants (Sewer)
93 creatures vanquished.

Grand Total: 279 creatures vanquished

Notes
Turn   | Place    | Note
-------+----------+-------------------------------------------
     0 | D:1      | ragingrage the Gargoyle Artificer began the quest for the
                  | Orb.
     0 | D:1      | Reached XP level 1. HP: 12/12 MP: 1/1
   199 | D:1      | Reached skill level 2 in Fighting
   200 | D:1      | Reached XP level 2. HP: 17/17 MP: 2/2
   546 | D:1      | Reached skill level 3 in Fighting
   645 | D:1      | Reached XP level 3. HP: 23/23 MP: 3/3
  1233 | D:2      | Found a faded altar of an unknown god.
  1480 | D:2      | Found a basalt altar of Yredelemnul.
  1493 | D:2      | Reached skill level 4 in Fighting
  1507 | D:2      | Reached XP level 4. HP: 20/29 MP: 4/4
  2280 | D:3      | Reached skill level 5 in Fighting
  2280 | D:3      | Reached XP level 5. HP: 26/35 MP: 5/5
  2515 | D:3      | Found a glowing drain.
  2537 | Sewer    | Entered a sewer
  2540 | Sewer    | Noticed a kobold brigand
  2564 | Sewer    | Killed a kobold brigand
  2565 | Sewer    | Reached skill level 6 in Fighting
  2565 | Sewer    | Reached XP level 6. HP: 35/42 MP: 6/6
  3152 | Sewer    | Reached skill level 7 in Fighting
  3540 | Sewer    | Reached XP level 7. HP: 48/48 MP: 7/7
  4577 | D:3      | Found Olaxoe's Book Boutique.
  5221 | D:4      | Found Dac Ruor's Assorted Antiques.
  5225 | D:4      | Bought a peridot ring for 120 gold pieces
  5226 | D:4      | Bought a scroll labelled EBYUPT RYUDO for 24 gold pieces
  5370 | D:4      | Found a bloodstained altar of Trog.
  5737 | D:4      | Reached skill level 1 in Axes
  5987 | D:5      | Entered Level 5 of the Dungeon
  6355 | D:5      | Reached XP level 8. HP: 53/54 MP: 8/8
  6420 | D:5      | Found a staircase to the Ecumenical Temple.
  6426 | Temple   | Entered the Ecumenical Temple
  6445 | Temple   | Became a worshipper of Warmaster Okawaru
  6484 | D:5      | Reached skill level 8 in Fighting
  6998 | D:5      | Reached skill level 5 in Evocations
  7800 | D:5      | Found a burning altar of Makhleb.
  7800 | D:5      | Found a shimmering altar of Xom.
  8019 | D:6      | Reached skill level 5 in Axes
  8202 | D:6      | Found a radiant altar of Vehumet.
  8283 | D:6      | Reached * piety under Okawaru
  8587 | D:6      | Reached XP level 9. HP: 58/59 MP: 9/9
  9371 | D:6      | Found a sacrificial altar of Ru.
  9483 | D:6      | Reached ** piety under Okawaru
  9638 | D:6      | Found an ornate altar of the Wu Jian Council.
 10168 | D:7      | Killed from afar by an orc priest

Illustrated notes

Levels and vault maps discovered:
D:1:      dpeg_arrival_three_smaller_balls, layout_loops_cross,
          minmay_hexomino_u4
D:2:      layout_rooms, shapermc_ecumenical_altar_venn, basic_altar
D:3:      layout_basic, gup_sewer_entry_bubbles, serial_shops, shop,
          minmay_hedge_maze
D:4:      layout_loops_cross, trog_book, serial_shops, kennysheep_mini
D:5:      wad_river_or_something, layout_layer_cave,
          grunt_temple_overflow_champion_of_chaos,
          minmay_temple_entry_statues_pillars
D:6:      layout_loops_corners, pdpol_wu_jian_five_deadly_venoms,
          mainiacjoe_overflow_catch_the_wave, corexii_item_surrounded_by_moat
D:7:      layout_gridville, amcnicky_altar_gilded, serial_bayou_pond_d
Temple:   minmay_freezing_vapour_temple

Skill      XL: |  1  2  3  4  5  6  7  8  9 |
---------------+----------------------------+-----
Fighting       | 2 3 4 5 6 7 8 |  8.0
Evocations     | 3 4 5 |  5.0
Axes           | 2 6 7 |  7.7
Armour         | |  2.1
Dodging        | |  0.7
Stealth        | |  1.1

Action                   |  1- 3 |  4- 6 |  7- 9 || total
-------------------------+-------+-------+-------++-------
Melee: Club              |    30 |       |       ||    30
       Trident           |    89 |    30 |       ||   119
       Punch             |     1 |     4 |    10 ||    15
       Dagger            |       |   222 |   443 ||   665
       War axe           |       |       |    55 ||    55
Throw: Dart              |       |       |    17 ||    17
Invok: Heroism           |       |       |     2 ||     2
Evoke: Wand              |       |     4 |     4 ||     8
  Use: Scroll            |       |       |     8 ||     8
       Potion            |       |       |     1 ||     1
 Stab: Sleeping          |     2 |       |       ||     2
Armor: Leather armour    |    40 |    91 |    15 ||   146
       Scale mail        |       |       |   258 ||   258
Dodge: Dodged            |    56 |   158 |   253 ||   467

Table legend: (Time is in decaauts)
 A = Elapsed time spent in this place.
 B = Non-inter-level travel time spent in this place.
 C = Inter-level travel time spent in this place.
 D = Time resting spent in this place.
 E = Time spent auto-exploring this place.
 F = Levels seen in this place.
 G = Mean time per level.
                   A        B        C        D        E       F      G
               +--------+--------+--------+--------+--------+-----+--------+
         Total |  10388 |  10149 |    239 |   2326 |   5746 |   9 | 1154.2 |
       Dungeon |   8775 |   8540 |    235 |   1838 |   5016 |   7 | 1253.6 |
        Temple |     24 |     20 |      4 |      0 |     10 |   1 |   24.0 |
         Sewer |   1589 |   1589 |      0 |    488 |    719 |   1 | 1589.0 |
               +--------+--------+--------+--------+--------+-----+--------+

Top non-repeatable levels by time:
     D:5: 1941 daAuts
     D:6: 1712 daAuts
   Sewer: 1589 daAuts
     D:3: 1307 daAuts
     D:1: 1224 daAuts
     D:4: 1180 daAuts
     D:2: 959 daAuts
     D:7: 450 daAuts
  Temple: 24 daAuts
